 Dungeon Crawl Stone Soup version 0.20-a0-435-gf4ea4dd (webtiles) character file.

10406 tsouns the Geomancer (level 11, -5/74 HPs)
             Began as an Octopode Venom Mage on Jan 4, 2017.
             Was a Believer of Vehumet.
             Slain by a komodo dragon (32 damage)
             ... on level 2 of the Lair of Beasts on Jan 5, 2017.
             The game lasted 01:03:57 (13067 turns).

tsouns the Geomancer (Octopode Venom Mage)         Turns: 13067, Time: 01:03:57

Health: -5/74      AC:  3    Str:  9    XL:     11   Next: 61%
Magic:  4/19       EV: 13    Int: 25    God:    Vehumet [**....]
Gold:   921        SH:  7    Dex: 14    Spells: 2/21 levels left

rFire  . . .     SeeInvis .     p - +2 dagger (venom)
rCold  . . .     Gourm    .     E - +0 buckler
rNeg   . . .     Faith    .     (helmet restricted)
rPois  .         Spirit   .     M - +3 amulet of reflection
rElec  .         Reflect  +     f - +5 ring of intelligence
rCorr  +         Harm     .     D - +3 ring of slaying
MR     .....                    N - ring of resist corrosion (curse)
Stlth  +++++.....               Q - ring of flight
                                A - +2 ring of strength
                                W - +2 ring of protection
                                Z - ring of wizardry
                                (no ring)

@: no status effects
A: almost no armour, stealthy swim, amphibious, 8 rings, constrict 8, camouflage
1, gelatinous body 1
a: Renounce Religion, Evoke Flight


You were on level 2 of the Lair of Beasts.
You worshipped Vehumet.
Vehumet was pleased with you.
You were not hungry.

You visited 3 branches of the dungeon, and saw 14 of its levels.

You collected 921 gold pieces.

Inventory:

Hand Weapons
 p - a +2 dagger of venom (weapon)
 J - a +0 short sword of speed
Missiles
 g - 177 stones (quivered)
 C - 3 tomahawks
Armour
 E - a +0 buckler (worn)
Jewellery
 f - a +5 ring of intelligence (left tentacle)
 q - an uncursed ring of ice
 A - a +2 ring of strength (on tentacle)
 D - a +3 ring of slaying (right tentacle)
 M - a +3 amulet of reflection (around mantle)
 N - a cursed ring of resist corrosion (on tentacle)
 Q - a ring of flight (on tentacle)
 W - a +2 ring of protection (on tentacle)
 Z - a ring of wizardry (on tentacle)
Wands
 B - a wand of polymorph (16/24)
 O - a wand of flame (24/48)
 R - a wand of confusion (13/48)
 X - a wand of paralysis (17/24)
Scrolls
 c - 3 scrolls of amnesia
 d - 12 scrolls of remove curse
 h - 7 scrolls of teleportation
 i - a scroll of silence
 m - 2 scrolls of immolation
 t - 3 scrolls of magic mapping
 I - 4 scrolls of enchant weapon
 T - 2 scrolls of enchant armour
 U - 2 scrolls of blinking
 V - 2 scrolls of recharging
Potions
 k - 2 potions of lignification
 n - 3 potions of heal wounds
 o - 2 potions of flight
 s - 2 potions of haste
 v - a potion of berserk rage
 w - a potion of cancellation
 x - a potion of agility
 z - 2 potions of might
 F - a potion of invisibility
 H - 2 potions of curing
 K - a potion of degeneration
Books
 a - a Young Poisoner's Handbook

   Spells                             Type                      Level
   a - Sting                          Conjuration/Poison           1
   b - Mephitic Cloud                 Conjuration/Poison/Air       3
   c - Olgreb's Toxic Radiance        Poison                       4
   d - Alistair's Intoxication        Transmutation/Poison         5
   e - Venom Bolt                     Conjuration/Poison           5
 L - a book of Cantrips

   Spells                             Type                      Level
   a - Confusing Touch                Hexes                        1
   b - Animate Skeleton               Necromancy                   1
   c - Summon Small Mammal            Summoning                    1
   d - Apportation                    Translocation                1
 S - a book of Geomancy

   Spells                             Type                      Level
   a - Sandblast                      Earth                        1
   b - Passwall                       Transmutation/Earth          2
   c - Stone Arrow                    Conjuration/Earth            3
   d - Petrify                        Transmutation/Earth          4
   e - Lee's Rapid Deconstruction     Earth                        5
 Y - a book of Maledictions

   Spells                             Type                      Level
   a - Corona                         Hexes                        1
   b - Ensorcelled Hibernation        Hexes/Ice                    2
   c - Confuse                        Hexes                        3
   d - Tukima's Dance                 Hexes                        3
   e - Dazzling Spray                 Conjuration/Hexes            3
Miscellaneous
 u - a phial of floods (inert)
Comestibles
 b - 7 bread rations
 j - 10 fruits
 r - 5 meat rations
 P - a chunk of flesh


   Skills:
 - Level 6.7 Fighting
 - Level 3.4 Short Blades
 + Level 2.4 Dodging
 - Level 8.4 Stealth
 + Level 2.8 Shields
 + Level 5.9 Spellcasting
 + Level 6.4 Conjurations
 + Level 10.4 Earth Magic
 + Level 7.8 Poison Magic


You had 2 spell levels left.
You knew the following spells:

 Your Spells              Type           Power        Failure   Level  Hunger
a - Sting                 Conj/Pois      ####         1%          1    None
b - Mephitic Cloud        Conj/Pois/Air  ####....     1%          3    #......
c - Venom Bolt            Conj/Pois      #####.....   6%          5    #####..
d - Stone Arrow           Conj/Erth      #####.       1%          3    #......
e - Animate Skeleton      Necr           N/A          4%          1    None
f - Lee's Rapid Deconstr  Erth           ######....   1%          5    #####..
g - Sandblast             Erth           ######       1%          1    None


Dungeon Overview and Level Annotations

Branches:
Dungeon (9/15)             Temple (1/1) D:7            Lair (4/6) D:9
  Swamp: Lair:2-4    Shoals: Lair:2-4     Snake: Lair:2-4    Spider: Lair:2-4
    Orc: D:9-12

Altars:
Ashenzari
Cheibriados
Dithmenos
Elyvilon
Fedhas
Gozag
Hepliaklqana
Kikubaaqudgha
Makhleb
Nemelex Xobeh
Okawaru
Qazlal
Ru
Sif Muna
Trog
Uskayaw
Vehumet
Xom
Yredelemnul
Zin
The Shining One
Jiyva

Shops:
D:6 [

Annotations:
Lair:2 Fannar
Lair:3 Harold


Innate Abilities, Weirdness & Mutations

You cannot wear most types of armour.
You are very stealthy in the water. (Stealth+)
You are amphibious.
You can wear up to eight rings at the same time.
You can use your tentacles to constrict eight enemies at once.
Your skin changes colour to match your surroundings (Stealth+).
Your rubbery body absorbs attacks. (AC +1, EV +1)


Message History

You constrict Fannar. The komodo dragon closely misses you.
You block the ice beast's attack.
You hit Fannar but do no damage.
Fannar looks as sick as possible!
You squeeze Fannar.
Fannar is severely wounded.
You constrict Fannar, but do no damage.
Fannar hits you with a quarterstaff of freezing.
Fannar freezes you. You block the komodo dragon's attack.
The ice beast closely misses you.
You hit Fannar but do no damage.
Fannar looks as sick as possible!
Fannar is severely wounded.
You constrict Fannar, but do no damage.
The komodo dragon is no longer moving slowly.
Fannar hits you with a quarterstaff of freezing.
Fannar freezes you.
You hit Fannar but do no damage.
Fannar looks as sick as possible!
You squeeze Fannar, but do no damage.
Fannar is severely wounded.
You constrict Fannar. The komodo dragon bites you!!
You die...

#....P. #....P. ....
.....#
#....P####..###....#
#......#P##.#.#>...#
#..................# .
###..................###.
.........................
........@e...............
......(Yl..).............
.........P##..###........
.........####.###........
#.#P....##..........#####
# ##...........##...#...
P##....##...............
.......##......#...#....
..##.....#.....#....P....


You could see Fannar, a komodo dragon and an ice beast.

Vanquished Creatures
  A hydra (Lair:1)
  A manticore (D:8)
  A black mamba (Lair:1)
  2 spiny frogs
  2 komodo dragons
  A rime drake (Lair:1)
  A troll (D:9)
  Grinder (D:3)
  3 hippogriffs
  Sigmund (D:3)
  2 wyverns (D:9)
  2 basilisks (Lair:1)
  Menkaure (D:5)
  6 water moccasins
  2 porcupines (Lair:1)
  An orc warrior (D:7)
  A swamp drake (D:9)
  2 necrophages (D:9)
  3 ice beasts
  2 sky beasts
  3 ogres
  3 centaurs
  2 crocodiles
  A big kobold (D:9)
  7 bullfrogs
  A gnoll sergeant (D:7)
  A wyvern zombie (D:9)
  2 scorpions
  A water moccasin skeleton (D:5)
  10 wights
  2 howler monkeys
  A centaur zombie (D:9)
  2 crimson imps (D:6)
  2 bullfrog zombies (D:9)
  4 hounds
  2 orc priests (D:6)
  9 orc wizards
  Crazy Yiuf (D:2)
  Ijyb (D:3)
  A centaur skeleton (D:9)
  2 iguanas
  Terence (D:2)
  9 worker ants
  A killer bee zombie (D:5)
  A hound zombie (D:9)
  A hound skeleton (D:6)
  2 mummies (D:9)
  A howler monkey zombie (D:5)
  2 worker ant zombies
  Robin (D:4)
  8 gnolls (D:7)
  6 adders
  4 shadow imps
  2 oozes
  2 adder zombies
  2 adder skeletons (D:5)
  4 worms
  4 dart slugs
  5 leopard geckos
  23 orcs
  5 giant cockroaches
  11 goblins
  10 hobgoblins
  8 jackals
  4 quokkas
  4 ball pythons
  4 bats
  5 frilled lizards
  7 kobolds
  A leopard gecko skeleton (D:6)
  A quokka skeleton (D:7)
  3 rats
  A fungus (D:2)
237 creatures vanquished.

Vanquished Creatures (collateral kills)
  Maurice (D:9)
  A spiny frog (Lair:3)
  2 komodo dragons
  2 water moccasins (Lair:1)
  A bullfrog (Lair:1)
  A wight (D:8)
  A bullfrog zombie (D:9)
9 creatures vanquished.

Vanquished Creatures (others)
  A vine stalker (D:1)
  An elf (D:1)
  A troll (D:1)
  A vampire (D:1)
  A human (D:1)
  3 nagas (D:1)
  An ogre (D:1)
  A centaur (D:1)
  A mummy (D:1)
  An orc (D:1)
  4 fungi (Lair:3)
  A plant (Lair:3)
  7 tentacles (D:1)
24 creatures vanquished.

Grand Total: 270 creatures vanquished

Notes
Turn   | Place    | Note
-------+----------+-------------------------------------------
     0 | D:1      | tsouns the Octopode Venom Mage began the quest for the Orb.
     0 | D:1      | Reached XP level 1. HP: 11/11 MP: 3/3
     0 | D:1      | Noticed a naga
     0 | D:1      | Noticed an ogre
     0 | D:1      | Noticed a vampire
     0 | D:1      | Noticed a naga
     0 | D:1      | Noticed a naga
     0 | D:1      | Noticed a kraken
     0 | D:1      | Noticed an elf
     0 | D:1      | Noticed a centaur
     0 | D:1      | Noticed a troll
     0 | D:1      | Noticed a human
     0 | D:1      | Noticed a vine stalker
     5 | D:1      | Killed a vampire
     6 | D:1      | Killed a naga
     7 | D:1      | Killed a naga
     8 | D:1      | Killed a human
     9 | D:1      | Killed an ogre
    12 | D:1      | Killed a vine stalker
    13 | D:1      | Killed a naga
    15 | D:1      | Killed an elf
    16 | D:1      | Killed a troll
    18 | D:1      | Killed a centaur
   141 | D:1      | Reached XP level 2. HP: 9/17 MP: 1/5
   858 | D:2      | You fall through a shaft!
   858 | D:3      | Noticed Sigmund
   938 | D:3      | Killed Sigmund
   938 | D:3      | Reached XP level 3. HP: 21/21 MP: 0/7
   938 | D:3      | Reached XP level 4. HP: 27/27 MP: 0/8
   938 | D:3      | Reached XP level 5. HP: 31/31 MP: 0/9
  1023 | D:3      | Learned a level 3 spell: Mephitic Cloud
  1090 | D:3      | Reached skill level 5 in Poison Magic
  1309 | D:3      | Reached XP level 6. HP: 36/36 MP: 4/10
  1583 | D:2      | Found a sacrificial altar of Ru.
  1656 | D:2      | Found a faded altar of an unknown god.
  1755 | D:2      | Noticed Terence
  1763 | D:2      | Killed Terence
  1763 | D:2      | Reached skill level 5 in Stealth
  2020 | D:2      | Found a runed door.
  2024 | D:2      | Noticed Crazy Yiuf
  2029 | D:2      | Killed Crazy Yiuf
  2151 | D:3      | Learned a level 5 spell: Venom Bolt
  2219 | D:3      | Noticed Grinder
  2233 | D:3      | Killed Grinder
  2233 | D:3      | Reached XP level 7. HP: 35/41 MP: 12/12
  2495 | D:3      | Noticed Ijyb
  2497 | D:3      | Killed Ijyb
  3166 | D:4      | Noticed Robin
  3356 | D:4      | Killed Robin
  3440 | D:4      | Found an opulent altar of Gozag.
  3498 | D:4      | Found a burning altar of Makhleb.
  3574 | D:4      | Found a bloodstained altar of Trog.
  3680 | D:5      | Entered Level 5 of the Dungeon
  3807 | D:5      | Learned a level 4 spell: Olgreb's Toxic Radiance
  3820 | D:5      | Reached XP level 8. HP: 47/47 MP: 10/14
  4005 | D:5      | Reached skill level 1 in Fighting
  4047 | D:5      | Found a shimmering altar of Xom.
  4047 | D:5      | Noticed Menkaure
  4067 | D:5      | Reached skill level 1 in Short Blades
  4172 | D:5      | Found a bloodstained altar of Trog.
  4348 | D:5      | Reached skill level 1 in Shields
  4661 | D:5      | Killed Menkaure
  4747 | D:5      | Found an ancient bone altar of Kikubaaqudgha.
  4837 | D:6      | Reached skill level 5 in Conjurations
  5057 | D:6      | Found Yreavipe's Antique Armour Shop.
  5349 | D:5      | Upgraded the game from 0.20-a0-433-g9e36e56 to 0.20-a0-435-gf4ea4dd
  5384 | D:6      | Found a hazy altar of Hepliaklqana.
  5487 | D:6      | Reached skill level 5 in Spellcasting
  5783 | D:7      | Learned a level 1 spell: Animate Skeleton
  5885 | D:7      | Reached XP level 9. HP: 52/54 MP: 9/16
  5933 | D:7      | Found a shadowy altar of Dithmenos.
  6168 | D:7      | Found a staircase to the Ecumenical Temple.
  6213 | Temple   | Entered the Ecumenical Temple
  6301 | Temple   | Became a worshipper of Vehumet
  6320 | D:7      | Found a bloodstained altar of Trog.
  7263 | D:8      | Found a deep blue altar of Sif Muna.
  7263 | D:8      | Found a shattered altar of Ashenzari.
  7666 | D:8      | Learned a level 5 spell: Lee's Rapid Deconstruction
  7675 | D:8      | Reached * piety under Vehumet
  7675 | D:8      | Offered knowledge of Flame Tongue by Vehumet.
  7774 | D:8      | Reached skill level 1 in Earth Magic
  8004 | D:8      | Reached skill level 2 in Earth Magic
  8163 | D:8      | Reached XP level 10. HP: 57/65 MP: 18/18
  8189 | D:8      | Reached skill level 3 in Earth Magic
  8252 | D:8      | Noticed a manticore
  8260 | D:8      | Killed a manticore
  8260 | D:8      | Reached skill level 4 in Earth Magic
  8349 | D:9      | Learned a level 1 spell: Sandblast
  8495 | D:9      | Reached skill level 5 in Fighting
  8994 | D:9      | Reached skill level 5 in Earth Magic
  9189 | D:9      | Reached ** piety under Vehumet
  9189 | D:9      | Offered knowledge of Freeze by Vehumet.
  9265 | D:9      | Noticed Maurice
  9288 | D:9      | Killed Maurice
  9424 | D:9      | Reached skill level 6 in Earth Magic
  9970 | D:9      | Reached skill level 7 in Earth Magic
 10315 | D:9      | HP: 1/68 [wyvern (18)]
 10518 | D:9      | Found a staircase to the Lair.
 10618 | Lair:1   | Entered Level 1 of the Lair of Beasts
 10632 | Lair:1   | Noticed a black mamba
 10637 | Lair:1   | Killed a black mamba
 10637 | Lair:1   | Reached skill level 8 in Earth Magic
 10637 | Lair:1   | Reached XP level 11. HP: 59/74 MP: 15/19
 10658 | Lair:1   | Noticed a four-headed hydra
 10957 | Lair:1   | Reached skill level 9 in Earth Magic
 11124 | Lair:1   | Killed a four-headed hydra
 11387 | Lair:1   | Reached skill level 10 in Earth Magic
 12230 | Lair:2   | You fall through a shaft for 2 floors!
 12402 | Lair:4   | Noticed a death yak
 12521 | Lair:3   | Noticed Harold
 13002 | Lair:2   | Learned a level 3 spell: Stone Arrow
 13037 | Lair:2   | Noticed Fannar
 13067 | Lair:2   | Slain by a komodo dragon

Vault maps used:
D:1:      nicolae_arrival_kraken_aquarium_a, hangedman_decor_push
D:2:      nicolae_overflow_crystal_walls, chequers_ecumenical_altar_island,
          uniq_terence, uniq_crazy_yiuf_cottage
D:3:      uniq_sigmund, uniq_grinder, uniq_iyjb
D:4:      lightli_temple_of_fire, kennysheep_mini_moat, bloody_trog, uniq_robin
D:5:      kennysheep_mini, lemuel_doored_altar, xom_teletrap_fun, first_bread,
          uniq_menkaure
D:6:      old_standard_altar, serial_shops, shop
D:7:      grunt_dithmenos_smoke, basic_altar
D:8:      grunt_temple_overflow_open
D:9:      erik_lair_dragon, serial_undead, serial_undead_b, serial_undead_f,
          serial_undead_d, serial_undead_b, uniq_maurice
Temple:   pf_slime_end_temple
Lair:1:   grunt_megastairs_2
Lair:2:   swamp_mist_pool, uniq_fannar
Lair:3:   st_stairs_11, minivault_23, uniq_harold, uniq_rupert
Lair:4:   minmay_snake_entry_guardpost_medium, tgw_fedhas, uniq_josephine

Skill      XL: |  1  2  3  4  5  6  7  8  9 10 11 |
---------------+----------------------------------+-----
Stealth        | 3 4 5 6 7 8 |  8.4
Poison Magic   | 4 5 6 7 |  7.8
Spellcasting   | 3 4 5 |  5.9
Conjurations   | 2 3 4 5 6 |  6.4
Fighting       | 2 4 6 |  6.7
Short Blades   | 1 3 |  3.4
Shields        | 2 |  2.8
Earth Magic    | 2 8 10 | 10.4
Dodging        | |  2.4

Action                   |  1- 3 |  4- 6 |  7- 9 | 10-12 || total
-------------------------+-------+-------+-------+-------++-------
Melee: Unarmed           |     5 |       |       |       ||     5
       Tentacles         |     2 |     4 |    37 |    22 ||    65
       Dagger            |    10 |    22 |   183 |   102 ||   317
       Constrict         |       |     4 |    46 |    12 ||    62
 Cast: Sting             |    33 |    66 |   183 |    74 ||   356
       Mephitic Cloud    |       |     2 |    18 |    15 ||    35
       Animate Skeleton  |       |       |     7 |    18 ||    25
       Olgreb's Toxic Ra |       |       |     2 |     1 ||     3
       Sandblast         |       |       |       |    61 ||    61
       Venom Bolt        |       |       |       |    17 ||    17
       Lee's Rapid Decon |       |       |       |     5 ||     5
Evoke: Wand              |       |       |     3 |     2 ||     5
       Phial of floods   |       |       |       |     1 ||     1
  Use: Scroll            |     6 |     4 |     3 |    13 ||    26
       Potion            |       |     1 |       |     2 ||     3
 Stab: Sleeping          |       |     2 |    19 |    12 ||    33
       Confused          |       |       |     2 |     5 ||     7
  Eat: Chunk             |       |     3 |    16 |     9 ||    28
       Beef jerky        |       |     1 |       |     4 ||     5
       Pizza             |       |       |     2 |     1 ||     3
       Royal jelly       |       |       |       |     2 ||     2
       Meat ration       |       |       |       |     1 ||     1
Armor: Skin              |     1 |       |     6 |     3 ||    10
Dodge: Dodged            |    14 |    14 |    65 |    66 ||   159
Block: Buckler           |       |       |    27 |    38 ||    65
       Reflection        |       |       |       |     1 ||     1
